 Dungeon Crawl Stone Soup version 0.32-a0-931-g5a2cda0630 (webtiles) character file.

Game seed: 12131051050138631742

23 GiantSquids the Ruffian (level 2, 0/18 HPs)
             Began as an Octopode Shapeshifter on Apr 14, 2024.
             Slain by an adder (4 damage)
             ... on level 2 of the Dungeon.
             The game lasted 00:01:17 (751 turns).

GiantSquids the Ruffian (Octopode Shapeshifter)      Turns: 751, Time: 00:01:17

Health: 0/18       AC:  1    Str: 13    XL:     2   Next: 95%
Magic:  2/2        EV: 12    Int: 12    God:
Gold:   81         SH:  0    Dex: 11    Spells: 1/1 levels left

rFire   . .          .
                       - Unarmed
rCold   . . .        (no shield)
rNeg    . . .        (helmet currently unavailable)
rPois   .            (no amulet)
rElec   .            (no ring)
rCorr   .            (no ring)
SInv    .            (no ring)
Will    .....        (no ring)
Stlth   +++          (no ring)
HPRegen 0.23/turn    (no ring)
MPRegen 0.08/turn    (no ring)
                     (no ring)

%: no passive effects
@: lethally poisoned (0 -> -1), beast-form
A: beast (slay +1), almost no armour, amphibious, 8 rings, camouflage 1,
gelatinous body 1, (nimble swimmer 1), tentacles
a: Begin Untransformation


You were on level 2 of the Dungeon.
You were a hulking beast.
You visited 1 branch of the dungeon, and saw 2 of its levels.

You collected 81 gold pieces.

Inventory:

Missiles
 d - 5 boomerangs (quivered)
 e - 3 poisoned darts
 f - 20 stones
Talismans
 b - a beast talisman (active)
 c - a flux talisman
Scrolls
 g - a scroll of silence {unknown}
 h - a scroll of teleportation {unknown}
Potions
 a - a potion of lignification


   Skills:
 - Level 1.0 Fighting
 - Level 2.0 Dodging
 + Level 2.4 Stealth
 + Level 3.5 Unarmed Combat
 - Level 3.0 Shapeshifting


You had one spell level left.
You didn't know any spells.
Your spell library contained the following spells:

 Spells                   Type           Power      Damage    Failure   Level
 Sandblast                Erth           0%         2d4       32%         1
 Lesser Beckoning         Tloc           0%         N/A       45%         2
 Maxwell's Portable Pile  Tloc           0%         2d(5-13)  69%         3
 Stone Arrow              Conj/Erth      0%         3d7       69%         3
 Teleport Other           Tloc           0%         N/A       69%         3
 Brom's Barrelling Bould  Conj/Erth      0%         2d3       97%         4


Dungeon Overview and Level Annotations

Branches:
Dungeon (2/15)

Altars:

Shops:
D:1 :

Annotations:
D:2 1 runed translucent door, Crazy Yiuf


Innate Abilities, Weirdness & Mutations

You are a hulking beast.
Your limbs bulge with bestial killing power. (Slay +1)
You cannot wear most types of armour.
You are amphibious.
You can wear up to eight rings at the same time.
Your skin changes colour to match your surroundings (Stealth+).
Your rubbery body absorbs attacks. (AC +1, EV +1)
((You are camouflaged when in or above water. (Stealth+)))
You have tentacles for arms and can constrict up to eight enemies at once.


Message History

You constrict the fungus. You tentacle-slap the fungus.
The fungus begins to die.
You grab the fungus.
The fungus is lightly damaged.
You constrict the fungus. x2
You tentacle-slap the fungus.
The fungus is lightly damaged.
You constrict the fungus. x2
You tentacle-slap the fungus.
The fungus is lightly damaged.
You constrict the fungus. x2; A nearby fungus withers and dies.
You lose your grip on the fungus.
You release your grip on the fungus.
A nearby fungus withers and dies.
You bludgeon the fungus!
The fungus begins to die.
You grab the fungus.
The fungus is lightly damaged.
You constrict the fungus.
You release your grip on the fungus.
Found a hammer.
Found a runed translucent door.
A nearby fungus withers and dies.
Crazy Yiuf shouts!
HP restored.
You see here a +0 club.
Found a stone staircase leading down.
A ribbon worm and a quokka come into view.
There are monsters nearby!
An adder comes into view.
Found a curved brass wand.
The adder hisses angrily.
You barely miss the adder. Your grab misses the adder. The quokka bites you.
The adder bites you.
You are poisoned.
The adder poisons you!
You completely miss the adder. Your grab misses the adder.
You feel sick. The quokka bites you. The adder bites you.
* * * LOW HITPOINT WARNING * * *
You tentacle-slap the adder. Your grab misses the adder.
You tentacle-slap the adder.
You squeeze the adder, but do no damage.
The adder is heavily wounded.
You feel sick. The adder bites you.
You die...

##### ####...# ..#...#
#.#S..#.# ####$#hrw..#
######## #......>...#
.......####.#..:...#.#
.......#....#.#........
.......#.#######...#...#
.........# ..#####.#
.......#.# #.# /
.......### #.. ...<...#
#.


You could see a ribbon worm, an adder and a quokka.

Vanquished Creatures
  2 dart slugs (D:1)
  2 endoplasms (D:1)
  2 goblins (D:1)
  A hobgoblin (D:1)
  2 kobolds
  3 quokkas (D:1)
  3 ball pythons
  A rat (D:1)
16 creatures vanquished.

Notes
Turn   | Place    | Note
-------+----------+-------------------------------------------
     0 | D:1      | GiantSquids the Octopode Shapeshifter began the quest for
                  | the Orb.
     0 | D:1      | Reached XP level 1. HP: 13/13 MP: 1/1
   123 | D:1      | Reached skill level 1 in Stealth
   162 | D:1      | Found a faded altar of an unknown god.
   190 | D:1      | Reached XP level 2. HP: 18/18 MP: 2/2
   223 | D:1      | Found Ceesuoko's Vocational Training.
   703 | D:2      | Found a runed translucent door.
   704 | D:2      | Noticed Crazy Yiuf
   751 | D:2      | Slain by an adder

Illustrated notes

Levels and vault maps discovered:
D:1:      dpeg_arrival_tiny_f, layout_rooms,
          hellmonk_ecumenical_altar_arch_garden, nicolae_shop_vocational
D:2:      minmay_kobold_bridge, layout_rooms, basic_altar, corner_web_ring,
          uniq_crazy_yiuf_cottage, uniq_natasha

Skill      XL: |  1  2 |
---------------+-------+-----
Stealth        | 1 2 |  2.4
Fighting       | |  1.0
Dodging        | |  2.0
Unarmed Combat | |  3.5
Shapeshifting  | |  3.0

Action                     || total
---------------------------++-------
  Melee: Unarmed           ||    32
         Constrict         ||    12
         Tentacles         ||     7
         Punch             ||     1
   Stab: Sleeping          ||     1
 Armour: Skin              ||    24
  Dodge: Dodged            ||    11

Table legend: (Time is in decaauts)
 A = Elapsed time spent in this place.
 B = Non-inter-level travel time spent in this place.
 C = Inter-level travel time spent in this place.
 D = Time resting spent in this place.
 E = Time spent auto-exploring this place.
 F = Levels seen in this place.
 G = Mean time per level.
                   A        B        C        D        E       F      G
               +--------+--------+--------+--------+--------+-----+--------+
         Total |    749 |    730 |     19 |      0 |    588 |   2 |  374.5 |
       Dungeon |    749 |    730 |     19 |      0 |    588 |   2 |  374.5 |
               +--------+--------+--------+--------+--------+-----+--------+

Top non-repeatable levels by time:
     D:1: 672 daAuts
     D:2: 76 daAuts
